 Dungeon Crawl Stone Soup version 0.30.0-10-gfe55d96785 (webtiles) character file.

Game seed: 3042487507892681088

107 GigaChad the Shield-Bearer (level 5, -5/42 HPs)
             Began as a Formicid Fighter on May 15, 2023.
             Was a Believer of Nemelex Xobeh.
             Slain by an ogre
             ... wielding a +0 giant club
              (11 damage)
             ... on level 4 of the Dungeon.
             The game lasted 00:04:10 (3079 turns).

GigaChad the Shield-Bearer (Formicid Fighter)       Turns: 3079, Time: 00:04:10

Health: -5/42      AC: 10    Str: 23    XL:     5   Next: 10%
Magic:  5/5        EV:  8    Int: 13    God:    Nemelex Xobeh [**....]
Gold:   89         SH:  5    Dex: 13    Spells: 4/4 levels left

rFire   . . .        a - +0 war axe
rCold   . . .        c - +0 buckler
rNeg    . . .        s - +0 chain mail
rPois   .            (helmet unavailable)
rElec   .            l - +0 cloak
rCorr   .            (no gloves)
SInv    +            (no boots)
Will    .....        (no amulet) Stlth
                     m - +6 ring of intelligence
HPRegen 0.27/turn    (no ring)
MPRegen 0.09/turn

%: no passive effects
@: no status effects
A: permanent stasis, dig shafts and tunnels, antennae 3, four strong arms
a: Dig, Shaft Self, Renounce Religion, Draw Escape, Draw Destruction, Draw
Summoning


You were on level 4 of the Dungeon.
You worshipped Nemelex Xobeh.
Nemelex Xobeh was pleased with you.
You visited 1 branch of the dungeon, and saw 4 of its levels.

You collected 89 gold pieces.

Inventory:

Hand Weapons
 a - a +0 war axe (weapon)
Armour
 b - a +0 scale mail
 c - a +0 buckler (worn)
 l - a +0 cloak (worn)
 s - a +0 chain mail (worn)
Jewellery
 m - a +6 ring of intelligence (left hand)
Scrolls
 i - 2 scrolls of identify
Potions
 d - a potion of might
 e - a potion of berserk rage {unknown}
 f - a potion of ambrosia {unknown}
 g - 2 potions of cancellation
 h - 2 potions of magic {unknown}
 j - a potion of lignification {unknown}
 k - 2 potions of degeneration {unknown}
 n - a potion of flight {unknown}
 o - a potion of heal wounds {unknown}
 p - a potion of curing {unknown}


   Skills:
 * Level 3.8 Fighting
 * Level 3.5 Axes
 * Level 4.0 Armour
 * Level 4.6 Shields


You had 4 spell levels left.
You didn't know any spells.
Your spell library contained the following spells:

 Spells                   Type           Power      Damage    Failure   Level
 Kiss of Death            Conj/Necr      0%         2d5       91%         1
 Confusing Touch          Hex            0%         N/A       100%        3
 Dispel Undead            Necr           0%         3d6       100%        4


Dungeon Overview and Level Annotations

Branches:
Dungeon (4/15)
 Temple: D:4-7

Altars:
Ashenzari
Cheibriados
Nemelex Xobeh
Yredelemnul

Shops:
D:1 (


Innate Abilities, Weirdness & Mutations

You cannot be hasted, slowed, berserked, paralysed or teleported.
You can dig through walls and to a lower floor.
You have a pair of large antennae on your head. (SInv)
Your four strong arms can wield two-handed weapons with a shield.


Message History

An endoplasm is nearby!
You slash the endoplasm!
You kill the endoplasm!
You pick up a book of Touch and begin reading...
You add the spells Kiss of Death, Confusing Touch and Dispel Undead to your library.
A dart slug comes into view.
Found a stone staircase leading down.
A dart slug is nearby!
An ogre comes into view. It is wielding a +0 giant club.
Found 17 gold pieces.
You hit the dart slug.
The dart slug is severely wounded.
The dart slug bites you but does no damage.
You hit the dart slug.
The dart slug is almost dead.
The dart slug bites you but does no damage.
You hit the dart slug.
You kill the dart slug!
You hit the ogre. The ogre hits you with a +0 giant club!
You slash the ogre!
The ogre is heavily wounded.
The ogre hits you with a +0 giant club!
You are too injured to fight recklessly!
You are too injured to fight recklessly!
You are too injured to fight recklessly!
You are too injured to fight recklessly!
You are too injured to fight recklessly!
You are too injured to fight recklessly!
You are too injured to fight recklessly!
You are too injured to fight recklessly!
You are too injured to fight recklessly!
You completely miss the ogre.
The ogre is heavily wounded.
The ogre hits you with a +0 giant club!
* * * LOW HITPOINT WARNING * * *
You hit the ogre.
The ogre is severely wounded.
The ogre hits you with a +0 giant club!
You die...
Your body glows slightly and disappears.

#.<..#
########.#####.#
...............#
####.......###...
##.##.#.#
#....#.#
##.####.#
#.......#
#@.>##### #O..#
#...# #...# .....
....... ...$....
###...#...


You could see an ogre.

Vanquished Creatures
  3 adders
  An adder zombie (D:3)
  A worm (D:2)
  2 dart slugs
  An orc (D:3)
  4 ball pythons
  7 bats
  8 endoplasms
  2 giant cockroaches
  5 goblins
  7 hobgoblins
  2 jackals (D:1)
  2 quokkas (D:2)
  A ball python zombie (D:3)
  6 frilled lizards
  10 kobolds
  7 rats
69 creatures vanquished.

Notes
Turn   | Place    | Note
-------+----------+-------------------------------------------
     0 | D:1      | GigaChad the Formicid Fighter began the quest for the Orb.
     0 | D:1      | Reached XP level 1. HP: 18/18 MP: 1/1
    36 | D:1      | Reached XP level 2. HP: 7/24 MP: 2/2
   176 | D:1      | Found Lattydau's Antique Weapon Boutique.
   495 | D:1      | Reached XP level 3. HP: 26/29 MP: 3/3
  1116 | D:2      | Reached XP level 4. HP: 32/37 MP: 4/4
  1649 | D:2      | Found a faded altar of an unknown god.
  1649 | D:2      | Noticed an eye of devastation
  1654 | D:2      | Noticed a shining eye
  1658 | D:2      | Noticed a golden eye
  1658 | D:2      | Noticed a floating eye
  1664 | D:2      | Prayed at the altar of an unknown god.
  1664 | D:2      | Became a worshipper of Nemelex Xobeh the Trickster
  1664 | D:2      | Reached * piety under Nemelex Xobeh
  1920 | D:2      | Received a gift from Nemelex Xobeh
  2220 | D:3      | Found a broken altar of Ashenzari.
  2606 | D:3      | Reached XP level 5. HP: 42/42 MP: 5/5
  2760 | D:3      | Found a snail-covered altar of Cheibriados.
  2762 | D:3      | Reached ** piety under Nemelex Xobeh
  2955 | D:3      | Found a basalt altar of Yredelemnul.
  3071 | D:4      | Noticed an ogre
  3079 | D:4      | Slain by an ogre

Illustrated notes

Levels and vault maps discovered:
D:1:      lemuel_arrival_room, layout_basic, serial_shops,
          nicolae_shop_back_alley_shop, interstate_on_off
D:2:      layout_basic, hellmonk_ecumenical_altar_watching_god, minivault_4,
          chequers_big_river
D:3:      layout_basic, lemuel_crystal_altar, cheibriados_altar_1,
          lemuel_zombie_altar_yredelemnul, minmay_surrounded
D:4:      layout_loops_cross, serial_shops, shop_statue

Skill      XL: |  1  2  3  4 |
---------------+-------------+-----
Axes           | 3 |  3.5
Armour         | 4 |  4.0
Fighting       | |  3.8
Shields        | |  4.6

Action                     |  1- 3 |  4- 6 || total
---------------------------+-------+-------++-------
  Melee: War axe           |    82 |    86 ||   168
Ability: Dig               |     1 |       ||     1
    Use: Scroll            |     6 |     5 ||    11
 Armour: Scale mail        |    44 |    18 ||    62
         Chain mail        |       |    19 ||    19
  Dodge: Dodged            |    48 |    31 ||    79
  Block: Buckler           |    36 |    19 ||    55
